 Dungeon Crawl Stone Soup version 0.19.1-1-g22dce08 (webtiles) character file.

121 Alarkh the Chopper (level 4, -2/36 HPs)
             Began as a Demonspawn Monk on Jan 7, 2017.
             Slain by a gnoll
             ... wielding a +0 spear
              (5 damage)
             ... on level 5 of the Dungeon.
             The game lasted 00:02:52 (2376 turns).

Alarkh the Chopper (Demonspawn Monk)                Turns: 2376, Time: 00:02:53

Health: -2/36      AC:  4    Str: 17    XL:     4   Next: 77%
Magic:  4/4        EV: 13    Int: 12    God:
Gold:   50         SH:  0    Dex: 15    Spells: 0 memorised, 3 levels left

rFire  . . .     SeeInvis .     a - +0 hand axe
rCold  . . .     Gourm    .     b - +0 robe
rNeg   . . .     Faith    .     (no shield)
rPois  .         Spirit   .     (no helmet)
rElec  .         Reflect  .     l - +0 cloak
rCorr  .         Harm     .     (no gloves)
MR     .....                    (no boots)
Stlth  ++........               (no amulet)
                                (no ring)
                                j - ring of wizardry

@: mighty, very slightly contaminated, hasted, very quick
A: rugged brown scales 1
a: no special abilities


You were on level 5 of the Dungeon.
You were not hungry.

You visited 1 branch of the dungeon, and saw 5 of its levels.

You collected 50 gold pieces.

Inventory:

Hand Weapons
 a - a +0 hand axe (weapon)
Armour
 b - a +0 robe (worn)
 l - a +0 cloak (worn)
Magical Staves
 o - an uncursed staff of death {unknown}
Jewellery
 j - a ring of wizardry (left hand)
Scrolls
 e - a scroll of identify
 i - a scroll of remove curse
 k - a scroll of amnesia
 p - a scroll of magic mapping
Potions
 d - a potion of mutation
 g - a potion of haste
 r - a potion of flight
Comestibles
 c - 6 bread rations
 f - a chunk of flesh
 q - 2 fruits


   Skills:
 - Level 3.0 Fighting
 + Level 5.0 Axes
 - Level 2.6 Dodging
 - Level 1.7 Stealth


You had 3 spell levels left.
You didn't know any spells.

Dungeon Overview and Level Annotations

Branches:
Dungeon (6/15)
 Temple: D:4-7

Altars:

Annotations:
D:6 Pikel


Innate Abilities, Weirdness & Mutations

You are partially covered in rugged brown scales. (AC +1, +3% HP)


Message History

You completely miss the adder. You hit the gnoll but do no damage.
The adder bites you. The gnoll sergeant barely misses you.
The gnoll closely misses you. The gnoll barely misses you.
The adder barely misses you.
You hit the adder.
The adder is heavily wounded.
You hit the gnoll.
The gnoll sergeant hits you from afar with a spear.
The gnoll hits you. The adder bites you.
* * * LOW HITPOINT WARNING * * *
The gnoll misses you.
You feel yourself speed up. The adder misses you.
The gnoll sergeant hits you from afar with a spear.
* * * LOW HITPOINT WARNING * * *
The gnoll barely misses you. The gnoll misses you.
You are very lightly contaminated with residual magic.
You feel very mighty all of a sudden. The adder closely misses you.
The gnoll sergeant misses you.
The gnoll hits you from afar with a spear.
You die...

##......... #....>.... *
****** #...>..$.. ****,,,,*
##### ##........ **,,,,,,**
#$..## #........ *,,,,,,,,*
*....## ##.......
,,,,,,,,,** *#....##
##...... ,,,,,,,,,,*
#.....## ##.....
,,,,,,,,,,** #.@Sg..##
##.... ,,,,,,,,,,,*
##ggg..$## ##...
,,,,,,,,,,,** #.......#
##g#.. ,,,,,,,,,,,,*
#.......## ##g.###
,,,,,,,,,,,,*
##.......###..##
,,,,,,,,,,,,**
#.......##..##
,,,,,,,,,,,,,*
##.........##
,,,,,,,,,,,,** ###...#..##
,,,,,,,,,,,,*******#####.##


You could see a gnoll sergeant, 3 gnolls and an adder.

Vanquished Creatures
  A hound skeleton (D:5)
  5 adders
  2 worms (D:2)
  2 dart slugs (D:1)
  4 leopard geckos
  3 giant cockroaches (D:1)
  3 goblins
  6 hobgoblins
  11 jackals
  5 bats
  A frilled lizard (D:3)
  4 kobolds
  3 rats
50 creatures vanquished.

Notes
Turn   | Place    | Note
-------+----------+-------------------------------------------
     0 | D:1      | Alarkh the Demonspawn Monk began the quest for the Orb.
     0 | D:1      | Reached XP level 1. HP: 18/18 MP: 1/1
    99 | D:1      | Reached skill level 3 in Axes
   114 | D:1      | Gained mutation: You are partially covered in rugged brown scales. (AC +1, +3% HP) [demonic ancestry]
   114 | D:1      | Reached XP level 2. HP: 17/24 MP: 2/2
   806 | D:1      | Reached XP level 3. HP: 29/29 MP: 3/3
  1331 | D:2      | Reached skill level 4 in Axes
  1802 | D:2      | Reached XP level 4. HP: 31/36 MP: 4/4
  2226 | D:3      | You fall through a shaft for 3 floors!
  2226 | D:6      | Noticed Pikel
  2226 | D:6      | Noticed a slave
  2226 | D:6      | Noticed a slave
  2226 | D:6      | Noticed a slave
  2226 | D:6      | Noticed a slave
  2243 | D:5      | Entered Level 5 of the Dungeon
  2258 | D:5      | Reached skill level 5 in Axes
  2321 | D:5      | Noticed a gnoll sergeant
  2376 | D:5      | Slain by a gnoll

Skill      XL: |  1  2  3  4 |
---------------+-------------+-----
Axes           | 3 4 5 |  5.0
Fighting       | |  3.0
Dodging        | |  2.6
Stealth        | |  1.7

Action                   |  1- 3 |  4- 6 || total
-------------------------+-------+-------++-------
Melee: Hand axe          |   141 |    64 ||   205
  Use: Scroll            |     3 |     6 ||     9
       Potion            |       |     3 ||     3
 Stab: Sleeping          |     5 |     1 ||     6
  Eat: Chunk             |     3 |     2 ||     5
Armor: Robe              |    28 |    23 ||    51
Dodge: Dodged            |   100 |    85 ||   185
